 Dungeon Crawl Stone Soup version 0.27-a0-836-gfc908b8576 (webtiles) character file.

Game seed: 18067487301980224318

230 shoop the Ruffian (level 6, 0/61 HPs)
             Began as an Ogre Transmuter on Apr 1, 2021.
             Was an Initiate of Sif Muna.
             Slain by Edmund
             ... wielding a +3 vorpal dire flail
              (1 damage)
             ... on level 4 of the Dungeon.
             The game lasted 00:08:00 (3847 turns).

shoop the Ruffian (Ogre Transmuter)                 Turns: 3847, Time: 00:08:00

Health: 0/61       AC:  4    Str: 16    XL:     6   Next: 3%
Magic:  10/10      EV:  9    Int: 15    God:    Sif Muna [......]
Gold:   119        SH:  0    Dex:  9    Spells: 6/10 levels left

rFire    . . .     SeeInvis .   i - +9 dagger "Maulah" {drain, +Blink}
rCold    . . .     Faith    .   (no shield)
rNeg     . . .     Spirit   .   a - +0 robe
rPois    .         Reflect  .   (helmet restricted)
rElec    .         Harm     .   c - +0 cloak
rCorr    .         Rampage  .   (gloves unavailable)
Will     .....                  (boots unavailable)
Stlth    +.........             (no amulet)
HPRegen  0.20/turn              (no ring)
MPRegen  0.12/turn              (no ring)

@: no status effects
A: large, unfitting armour, tough skin 1
a: Renounce Religion, Evoke Blink


You were on level 4 of the Dungeon.
You worshipped Sif Muna.
Sif Muna was noncommittal.
You visited 1 branch of the dungeon, and saw 4 of its levels.

You collected 119 gold pieces.

Inventory:

Hand Weapons
 i - the +9 dagger "Maulah" (weapon) {drain, +Blink}
   (You found it on level 4 of the Dungeon)

   A truly terrible weapon, it drains the life of those it strikes.
   It lets you blink.
 k - a +2 whip of electrocution
Armour
 a - a +0 robe (worn)
 c - a +0 cloak (worn)
Scrolls
 b - a scroll of amnesia {unknown}
 d - 3 scrolls of teleportation {unknown}
 f - a scroll of enchant weapon {unknown}
 g - 2 scrolls of enchant armour {unknown}
 h - a scroll of holy word {unknown}
 j - a scroll of acquirement {unknown}
 m - a scroll of identify {unknown}
 n - a scroll of fog {unknown}
 o - 2 scrolls of brand weapon {unknown}
Potions
 e - a potion of curing
 l - a potion of degeneration {unknown}


   Skills:
 + Level 3.0 Fighting
 + Level 0.1 Short Blades
 - Level 1.2 Maces & Flails
 - Level 1.7 Dodging
 * Level 4.4 Unarmed Combat
 + Level 2.7 Spellcasting
 * Level 2.8 Transmutations
 - Level 1.1 Poison Magic


You had 6 spell levels left.
You knew the following spells:

 Your Spells              Type           Power      Damage    Failure   Level
a - Beastly Appendage     Tmut           20%        N/A       6%          1
b - Spider Form           Tmut/Pois      4%         N/A       26%         3

Your spell library contained the following spells:

 Spells                   Type           Power      Damage    Failure   Level
 Wereblood                Tmut           10%        N/A       10%         2
 Animate Skeleton         Necr           4%         N/A       21%         1
 Apportation              Tloc           4%         N/A       21%         1
 Corona                   Hex            2%         N/A       21%         1
 Summon Small Mammal      Summ           8%         N/A       21%         1
 Ice Form                 Ice/Tmut       6%         N/A       75%         4
 Hydra Form               Tmut           5%         N/A       87%         5


Dungeon Overview and Level Annotations

Branches:
Dungeon (4/15)
 Temple: D:4-7

Altars:
Dithmenos
Elyvilon
Sif Muna

Annotations:
D:3 exclusion: door
D:4 Edmund


Innate Abilities, Weirdness & Mutations

You are too large for most types of armour.
You have tough skin. (AC +1)


Message History

The hobgoblin shouts!
You hit the hobgoblin. You drain the hobgoblin.
You kill the hobgoblin!
Sif Muna accepts your kill.
No target in view!
You see here a hobgoblin corpse.
Found 3 large rocks.
A worm comes into view.
Found a scroll labelled HALA QANYHOOV.
Edmund the Younger comes into view.
He is wielding a +3 vorpal dire flail and wearing a +2 ring mail of willpower.
Edmund shouts!
You see here a scroll labelled HALA QANYHOOV.
You hit the worm.
The worm is moderately wounded.
The worm bites you!
You hit the worm.
The worm is moderately wounded.
You hit the worm.
The worm is severely wounded.
The worm bites you!
You puncture the worm!
You kill the worm!
Sif Muna accepts your kill.
You completely miss Edmund.
Edmund hits you with a +3 vorpal dire flail!
You closely miss Edmund.
Edmund hits you with a +3 vorpal dire flail!
You closely miss Edmund.
Edmund hits you with a +3 vorpal dire flail!
* * * LOW HITPOINT WARNING * * *
x2 You closely miss Edmund.
Edmund hits you with a +3 vorpal dire flail!
* * * LOW HITPOINT WARNING * * *
x2 You barely miss Edmund.
Edmund barely misses you.
Unknown command.
You hit Edmund.
Edmund is lightly wounded.
Edmund hits you with a +3 vorpal dire flail.
* * * LOW HITPOINT WARNING * * *
You die...

#.# #.#
####.#####.#
#..........# #
#.##)#######
#...####.##.#
..........#.#
....####..#.#
.#(#.#####..#.#
......@@?.....#
#..#.#####..###
#..# #..# #..#
...# ..## ##


You could see Edmund.

Vanquished Creatures
  A phantom (D:3)
  A bullfrog zombie (D:3)
  An orc priest (D:3)
  2 adders
  2 worms (D:4)
  2 dart slugs
  2 orcs (D:3)
  4 endoplasms
  A giant cockroach (D:3)
  5 goblins
  11 hobgoblins
  5 jackals
  4 kobolds
  2 quokkas
  4 ball pythons
  5 bats (D:2)
  4 frilled lizards (D:1)
  4 rats
60 creatures vanquished.

Notes
Turn   | Place    | Note
-------+----------+-------------------------------------------
     0 | D:1      | shoop the Ogre Transmuter began the quest for the Orb.
     0 | D:1      | Reached XP level 1. HP: 19/19 MP: 3/3
    44 | D:1      | Reached skill level 3 in Unarmed Combat
    78 | D:1      | Reached XP level 2. HP: 17/28 MP: 3/5
  1018 | D:2      | Reached XP level 3. HP: 34/35 MP: 4/6
  1125 | D:2      | Learned a level 3 spell: Spider Form
  1274 | D:2      | Found a shadowy altar of Dithmenos.
  1755 | D:2      | Found a white marble altar of Elyvilon.
  1991 | D:2      | Reached XP level 4. HP: 44/44 MP: 3/7
  2223 | D:3      | Found a shimmering blue altar of Sif Muna.
  2231 | D:3      | Became a worshipper of Sif Muna the Loreminder
  2775 | D:3      | Reached skill level 4 in Unarmed Combat
  2845 | D:3      | Reached skill level 1 in Poison Magic
  2845 | D:3      | Reached XP level 5. HP: 48/53 MP: 6/8
  3518 | D:4      | Noticed a phantom
  3560 | D:3      | Killed a phantom
  3561 | D:3      | Reached skill level 1 in Maces & Flails
  3741 | D:4      | Identified the +9 dagger "Maulah" {drain, +Blink}
  3803 | D:4      | Reached XP level 6. HP: 61/61 MP: 10/10
  3835 | D:4      | Noticed Edmund
  3845 | D:4      | HP: 3/61 [Edmund/+3 vorpal dire flail (11)]
  3845 | D:4      | HP: 1/61 [Edmund/+3 vorpal dire flail (2)]
  3847 | D:4      | Slain by Edmund

Illustrated notes

Levels and vault maps discovered:
D:1:      saegor_arrival_simple_b, layout_loops_ring
D:2:      layout_rooms, general_overflow_altar, elyvilon_altar_1
D:3:      layout_loops_corners, led_sif_book, chequers_mini_garden
D:4:      layout_loops_ring, lemuel_altar_in_water, uniq_edmund

Skill      XL: |  1  2  3  4  5 |
---------------+----------------+-----
Unarmed Combat | 3 4 |  4.4
Fighting       | 2 3 |  3.0
Transmutations | 2 |  2.8
Poison Magic   | 1 |  1.1
Maces & Flails | 1 |  1.2
Short Blades   | |  0.1
Dodging        | |  1.7
Spellcasting   | |  2.7

Action                   |  1- 3 |  4- 6 || total
-------------------------+-------+-------++-------
Melee: Unarmed           |   119 |       ||   119
       Headbutt          |     8 |     1 ||     9
       Kick              |    17 |     8 ||    25
       Whip              |       |    71 ||    71
       Dagger            |       |    15 ||    15
       Punch             |       |     1 ||     1
 Cast: Beastly Appendage |    26 |     7 ||    33
       Spider Form       |     1 |       ||     1
  Use: Potion            |       |     3 ||     3
Armor: Robe              |    40 |    17 ||    57
Dodge: Dodged            |    47 |    28 ||    75

Table legend: (Time is in decaauts)
 A = Elapsed time spent in this place.
 B = Non-inter-level travel time spent in this place.
 C = Inter-level travel time spent in this place.
 D = Time resting spent in this place.
 E = Time spent auto-exploring this place.
 F = Levels seen in this place.
 G = Mean time per level.
                   A        B        C        D        E       F      G
               +--------+--------+--------+--------+--------+-----+--------+
         Total |   3846 |   3724 |    122 |    263 |   2899 |   4 |  961.5 |
       Dungeon |   3846 |   3724 |    122 |    263 |   2899 |   4 |  961.5 |
               +--------+--------+--------+--------+--------+-----+--------+

Top non-repeatable levels by time:
     D:3: 1556 daAuts
     D:2: 1059 daAuts
     D:1: 1041 daAuts
     D:4: 188 daAuts
